 Dungeon Crawl Stone Soup version 0.24-a0-582-g4d4af81 (webtiles) character file.

Game seed: 14217405917366916941

22768 Spazmo the Eclecticist (level 12, -3/59 HPs)
             Began as a Deep Elf Fire Elementalist on Aug 27, 2019.
             Was a High Priest of Vehumet.
             Slain by a blink frog (16 damage)
             ... on level 4 of the Lair of Beasts.
             The game lasted 01:00:33 (14045 turns).

Spazmo the Eclecticist (DEFE)                      Turns: 14045, Time: 01:00:33

Health: -3/59      AC:  6    Str:  5      XL:     12   Next: 65%
Magic:  42/42      EV: 13    Int: 23 (26) God:    Vehumet [*****.]
Gold:   1017       SH:  0    Dex: 15      Spells: 23/42 levels left

rFire    + . .     SeeInvis .   w - staff of poison
rCold    x . .     Gourm    .   (no shield)
rNeg     . . .     Faith    +   t - +2 robe
rPois    +         Spirit   .   (no helmet)
rElec    .         Reflect  .   (no cloak)
rCorr    .         Harm     .   J - +0 pair of gloves
MR       +....                  I - +0 pair of boots
Stlth    ++........             k - amulet of faith
HPRegen  0.19/turn              z - ring of magical power
MPRegen  0.28/turn              v - ring of fire

@: no status effects
A: blink, mutation resistance 1
a: Blink, Renounce Religion


You were on level 4 of the Lair of Beasts.
You worshipped Vehumet.
Vehumet was extremely pleased with you.
You were hungry.

You visited 2 branches of the dungeon, and saw 15 of its levels.

You collected 1017 gold pieces.

Inventory:

Hand Weapons
 r - a +3 whip of holy wrath
 H - a +2 dagger of venom
Missiles
 h - 69 stones (quivered)
Armour
 t - a +2 robe (worn)
 I - a +0 pair of boots (worn)
 J - a +0 pair of gloves (worn)
Magical Staves
 w - an uncursed staff of poison (weapon)
 C - an uncursed staff of earth
Jewellery
 a - an uncursed ring of protection from magic
 f - the amulet "Ditemiv" {-Tele Regen+ Int+9}
   (You found it on level 2 of the Lair of Beasts)

   [amulet of regeneration]

   It affects your intelligence (+9).
   It prevents most forms of teleportation.
   It increases your rate of regeneration.
 k - an amulet of faith (around neck)
 m - an uncursed ring of positive energy
 p - an uncursed ring of protection from magic
 v - a ring of fire (right hand)
 z - a ring of magical power (left hand)
 K - an uncursed ring of magical power
Wands
 b - a wand of flame (16)
 e - a wand of random effects (10)
 A - a wand of digging (11)
 E - a wand of polymorph (7)
 G - a wand of iceblast (9)
Scrolls
 d - 5 scrolls of amnesia
 i - 7 scrolls of identify
 u - 5 scrolls of teleportation
 y - 10 scrolls of remove curse
 D - 2 scrolls of enchant weapon
 F - a scroll of fear
Potions
 g - 2 potions of brilliance
 j - 3 potions of mutation
 l - a potion of haste
 n - a potion of magic
 o - 2 potions of invisibility
 q - 4 potions of curing
 x - 3 potions of cancellation
 B - a potion of agility
Comestibles
 c - 38 rations


   Skills:
 - Level 2.4 Dodging
 - Level 2.4 Stealth
 + Level 15.9 Spellcasting
 - Level 11.0 Conjurations
 - Level 10.3 Fire Magic
 + Level 11.8 Earth Magic


You had 23 spell levels left.
You knew the following spells:

 Your Spells              Type           Power        Failure   Level  Hunger
a - Flame Tongue          Conj/Fire      #####        1%          1    None
b - Throw Flame           Conj/Fire      ######       1%          2    None
c - Conjure Flame         Conj/Fire      #######.     1%          3    None
d - Sticky Flame          Conj/Fire      #######.     1%          4    None
e - Fireball              Conj/Fire      #######...   1%          5    ##.....
f - Sandblast             Erth           ######       1%          1    None
g - Stone Arrow           Conj/Erth      ######       1%          3    None

Your spell library contained the following spells:

 Spells                   Type           Power        Failure   Level  Hunger
 Irradiate                Conj/Tmut      #####.....   2%          5    ##.....
 Magic Dart               Conj           ####         1%          1    None
 Inner Flame              Hex/Fire       ######..     1%          3    None
 Mephitic Cloud           Conj/Pois/Air  ######..     1%          3    None
 Blink                    Tloc           N/A          4%          2    None
 Call Imp                 Summ           ###.....     4%          2    None
 Slow                     Hex            ###.....     4%          2    None
 Bolt of Cold             Conj/Ice       #####.....   13%         6    ####...
 Freezing Cloud           Conj/Ice/Air   #####.....   26%         6    ####...
 Ice Form                 Ice/Tmut       ###.....     30%         4    None
 Metabolic Englaciation   Hex/Ice        ###.......   65%         5    ##.....
 Ozocubu's Refrigeration  Ice            ###.......   71%         6    ####...
 Simulacrum               Ice/Necr       ###.......   99%         6    ####...


Dungeon Overview and Level Annotations

Branches:
Dungeon (10/15)            Temple (0/1) D:7            Lair (5/6) D:8
  Swamp (0/4) Lair:3        Snake (0/4) Lair:2        Slime (0/5) Lair:5
    Orc: D:9-12

Altars:
Cheibriados
Kikubaaqudgha
Nemelex Xobeh
Okawaru
Ru
Vehumet

Shops:
D:7 !


Innate Abilities, Weirdness & Mutations

You can translocate small distances at will.
You are somewhat resistant to further mutation.


Message History

You start resting.
HP restored.
You climb downwards.
The blink frog closely misses you.
The blink frog hits you but does no damage.
The blink frog hits you!
The blink frog blinks!
The blink frog hits you but does no damage.
The blink frog hits you! x2
There is a stone staircase leading up, spattered with blood here.
Unknown command.
The blink frog misses you.
The blink frog blinks!
The blink frog barely misses you. The blink frog hits you!
* * * LOW HITPOINT WARNING * * *
You climb upwards.
There is a stone staircase leading down here.
Unknown command.
The blink frog completely misses you. The blink frog hits you.
* * * LOW HITPOINT WARNING * * *
The blink frog blinks!
You feel better. The blink frog hits you!
You die...

# ##### ################ ######
###.#.###.##.P##.#.....#####.#..#
>...............F................
.................................
...P...PP.P..P#.@F..............#
.................................
.................................
#.P.#P..P..#.#.#####..##....#...#
###.....##.##### #####.....##.#
####...### #####...#####
#####....## ######.##.#...####
P#P###..=.######...##.#..P....P#.
......[..........................


You could see 2 blink frogs.

Vanquished Creatures
  Erolcha (D:10)
  Harold (D:7)
  Erica (D:9)
  Nergalle (Lair:2)
  An orange crystal statue (D:9)
  Pikel (D:6)
  4 lindwurms (Lair:3)
  An ugly thing (D:10)
  Joseph (D:10)
  4 spiny frogs
  2 black mambas
  A rime drake (Lair:5)
  3 komodo dragons (Lair:1)
  Grinder (D:4)
  A polar bear (Lair:3)
  4 blink frogs (Lair:5)
  A bog body (Lair:3)
  4 hippogriffs
  A wyvern (Lair:3)
  21 yaks
  2 wraiths (D:7)
  2 vampires (D:9)
  Eustachio (D:3)
  A hungry ghost (D:10)
  2 basilisks
  3 nagas (Lair:2)
  8 water moccasins
  Purgy (D:3)
  6 porcupines
  A sky beast (D:8)
  3 ice beasts
  5 orc warriors
  A black bear (D:9)
  A hornet zombie (D:9)
  4 phantoms
  6 ogres
  A necrophage (D:9)
  5 wolves (Lair:1)
  5 crocodiles
  A big kobold (D:8)
  9 bullfrogs
  An elf zombie (D:7)
  A water moccasin skeleton (D:4)
  3 scorpions
  3 wights (D:6)
  4 howler monkeys
  5 crimson imps
  5 jellies
  A bullfrog zombie (D:9)
  3 human zombies (D:7)
  3 centaur skeletons
  A gnoll shaman (D:6)
  9 hounds
  6 orc wizards
  4 orc priests
  An iron imp (D:9)
  5 worker ants
  3 iguanas
  An ogre zombie (D:7)
  An ogre skeleton (D:7)
  2 hound zombies
  A hound skeleton (D:8)
  A mummy (D:7)
  19 gnolls
  14 adders
  A shadow imp (D:8)
  2 adder zombies
  An adder skeleton (D:4)
  3 worms
  2 dart slugs (D:2)
  A leopard gecko (D:2)
  29 orcs
  A giant cockroach (D:5)
  6 goblins
  8 hobgoblins
  7 jackals
  12 kobolds
  2 quokkas
  A ball python (D:2)
  8 bats
  2 frilled lizards
  A jackal skeleton (D:7)
  A leopard gecko skeleton (D:5)
  An orc skeleton (D:7)
  2 orc zombies (D:7)
  7 rats
318 creatures vanquished.

Vanquished Creatures (others)
  A bullfrog (D:6)
  A jelly (D:6)
  An iguana (D:6)
  A worker ant (D:6)
  A giant cockroach (D:6)
  A leopard gecko skeleton (D:6)
  2 fungi
  A plant (Lair:4)
9 creatures vanquished.

Grand Total: 327 creatures vanquished

Notes
Turn   | Place    | Note
-------+----------+-------------------------------------------
     0 | D:1      | Spazmo the Deep Elf Fire Elementalist began the quest for
                  | the Orb.
     0 | D:1      | Reached XP level 1. HP: 10/10 MP: 6/6
    75 | D:1      | Reached XP level 2. HP: 7/15 MP: 0/8
    79 | D:1      | Learned a level 2 spell: Throw Flame
   753 | D:2      | Reached XP level 3. HP: 19/19 MP: 5/10
   762 | D:2      | Reached skill level 4 in Spellcasting
   767 | D:2      | Learned a level 3 spell: Conjure Flame
  1070 | D:2      | Reached XP level 4. HP: 23/24 MP: 0/12
  1259 | D:2      | Found a radiant altar of Vehumet.
  1262 | D:2      | Found a sparkling altar of Nemelex Xobeh.
  1267 | D:2      | Became a worshipper of Vehumet
  1580 | D:3      | Learned a level 4 spell: Sticky Flame
  1649 | D:3      | Noticed Purgy
  1668 | D:3      | Killed Purgy
  1668 | D:3      | Reached skill level 5 in Spellcasting
  1668 | D:3      | Reached XP level 5. HP: 27/28 MP: 0/14
  2193 | D:4      | Noticed Eustachio
  2196 | D:4      | Reached skill level 5 in Fire Magic
  2196 | D:4      | Reached XP level 6. HP: 32/32 MP: 11/16
  2254 | D:3      | Killed Eustachio
  2254 | D:3      | Reached skill level 6 in Spellcasting
  2502 | D:4      | Reached XP level 7. HP: 13/36 MP: 11/18
  2586 | D:4      | Noticed Grinder
  2595 | D:4      | Killed Grinder
  2595 | D:4      | Reached * piety under Vehumet
  2595 | D:4      | Offered knowledge of Freeze by Vehumet.
  2595 | D:4      | Reached skill level 5 in Conjurations
  2686 | D:4      | Learned a level 5 spell: Fireball
  2701 | D:4      | Reached skill level 7 in Spellcasting
  2872 | D:4      | Reached XP level 8. HP: 13/41 MP: 9/21
  3061 | D:4      | Reached skill level 8 in Spellcasting
  3303 | D:5      | Entered Level 5 of the Dungeon
  3396 | D:5      | Found a sacrificial altar of Ru.
  3401 | D:5      | Found an iron altar of Okawaru.
  4178 | D:6      | Noticed Pikel
  4205 | D:6      | HP: 1/41 [slave[Pikel] (5)]
  4207 | D:6      | Killed Pikel
  4207 | D:6      | Offered knowledge of Sandblast by Vehumet.
  4207 | D:6      | Reached skill level 9 in Spellcasting
  4210 | D:6      | Learned a level 1 spell: Sandblast
  4341 | D:6      | Reached ** piety under Vehumet
  4351 | D:6      | Reached skill level 1 in Earth Magic
  4351 | D:6      | Reached XP level 9. HP: 33/45 MP: 8/24
  5245 | D:7      | Found a staircase to the Ecumenical Temple.
  5500 | D:7      | Noticed Harold
  5519 | D:7      | Killed Harold
  5519 | D:7      | Reached skill level 10 in Spellcasting
  5698 | D:7      | Offered knowledge of Ignite Poison by Vehumet.
  5879 | D:7      | Found an ancient bone altar of Kikubaaqudgha.
  6047 | D:7      | Reached XP level 10. HP: 32/50 MP: 17/26
  6194 | D:7      | Found Jobink's Distillery.
  6341 | D:8      | Reached *** piety under Vehumet
  6471 | D:8      | Found a staircase to the Lair.
  6476 | D:8      | Reached skill level 5 in Earth Magic
  6612 | D:8      | Reached skill level 11 in Spellcasting
  6960 | D:8      | Offered knowledge of Stone Arrow by Vehumet.
  7106 | D:8      | Learned a level 3 spell: Stone Arrow
  7671 | D:9      | Noticed Erica
  7982 | D:9      | Noticed an orange crystal statue
  7993 | D:9      | Killed an orange crystal statue
  7993 | D:9      | Reached skill level 10 in Fire Magic
  8183 | D:9      | Killed Erica
  8228 | D:9      | Found a snail-covered altar of Cheibriados.
  8382 | D:9      | Reached **** piety under Vehumet
  8530 | D:10     | Entered Level 10 of the Dungeon
  8543 | D:10     | Reached skill level 12 in Spellcasting
  8625 | D:10     | Reached skill level 10 in Conjurations
  8651 | D:10     | Noticed Joseph
  8661 | D:10     | Killed Joseph
  8661 | D:10     | Reached XP level 11. HP: 21/54 MP: 20/29
  8726 | D:10     | Noticed a red ugly thing
  8735 | D:10     | Killed a red ugly thing
  8735 | D:10     | Offered knowledge of Iskenderun's Mystic Blast by Vehumet.
  9256 | D:10     | Noticed Erolcha
  9262 | D:10     | Killed Erolcha
  9644 | D:10     | Gained mutation: You tend to lose your temper in combat.
                  | [potion of mutation]
  9644 | D:10     | Gained mutation: You have a pair of small horns on your
                  | head. [potion of mutation]
  9645 | D:10     | Lost mutation: You have a pair of small horns on your head.
                  | [potion of mutation]
  9645 | D:10     | Lost mutation: You tend to lose your temper in combat.
                  | [potion of mutation]
  9645 | D:10     | Gained mutation: You can translocate small distances at
                  | will. [potion of mutation]
  9645 | D:10     | Gained mutation: You are somewhat resistant to further
                  | mutation. [potion of mutation]
  9895 | Lair:1   | Entered Level 1 of the Lair of Beasts
 10062 | Lair:1   | Reached ***** piety under Vehumet
 10062 | Lair:1   | Offered knowledge of Irradiate by Vehumet.
 10353 | Lair:1   | Reached skill level 13 in Spellcasting
 10852 | Lair:2   | Got a bound jade amulet
 10853 | Lair:2   | Identified the amulet "Ditemiv" {-Tele Regen+ Int+9} (You
                  | found it on level 2 of the Lair of Beasts)
 10913 | Lair:2   | Found a staircase to the Snake Pit.
 11007 | Lair:2   | Noticed Nergalle
 11012 | Lair:2   | Killed Nergalle
 11845 | Lair:3   | Reached skill level 14 in Spellcasting
 12055 | Lair:3   | Reached XP level 12. HP: 59/59 MP: 28/32
 12193 | Lair:3   | Reached skill level 10 in Earth Magic
 12338 | Lair:3   | Found a staircase to the Swamp.
 12631 | Lair:4   | Reached skill level 15 in Spellcasting
 13619 | Lair:5   | Found a staircase to the Slime Pits.
 13654 | Lair:5   | Noticed a four-headed hydra
 14045 | Lair:4   | Slain by a blink frog

Levels and vault maps discovered:
D:1:      minmay_arrival_five_plusses, layout_basic
D:2:      layout_rooms, chequers_temple_overflow_statue_of_worship, first_ration
D:3:      minmay_inner_zag, layout_rooms, uniq_purgy
D:4:      layout_basic, roderic_roman_lattice, uniq_eustachio, uniq_grinder
D:5:      layout_gridville, amethyst_overflow_temple_binary
D:6:      layout_cave_pods, minmay_fractal_squares_gapless_5, uniq_pikel
D:7:      cheibrodos_quashed, layout_rooms, minmay_temple_entry_antechambers,
          serial_shops, shop, grunt_ogre_cave,
          lemuel_mausoleum_altar_kikubaaqudgha, uniq_harold
D:8:      layout_loops_corners, grunt_lair_entry_orc_guard_hut
D:9:      layout_rooms, slow_altar_1, minivault_15, eino_tiny_chamber,
          roderic_serpentine_path, uniq_erica
D:10:     layout_cave_pods, uniq_erolcha, uniq_joseph
Lair:1:   layout_small_grid, serial_bayou_shore_a
Lair:2:   layout_loops_ring, guppyfry_snake_entry_garden, uniq_nergalle
Lair:3:   layout_misc_corridors, skrybe_swamp_entry_bodies,
          minmay_lindwurm_lava, lemuel_fruit_tree, grunt_megastairs_4
Lair:4:   layout_long_grid
Lair:5:   layout_cave_pods, slime_dummy, st_stairs_5, uniq_rupert

Skill      XL: |  1  2  3  4  5  6  7  8  9 10 11 12 |
---------------+-------------------------------------+-----
Conjurations   | 2 3 4 5 7 8 10 11 | 11.0
Spellcasting   | 4 5 6 7 9 10 12 14 15 | 15.9
Fire Magic     | 4 5 6 8 9 10 | 10.3
Earth Magic    | 1 4 6 9 11 | 11.8
Dodging        | |  2.4
Stealth        | |  2.4

Action                   |  1- 3 |  4- 6 |  7- 9 | 10-12 || total
-------------------------+-------+-------+-------+-------++-------
Melee: Club              |     1 |       |       |       ||     1
       Short sword       |     3 |     2 |       |       ||     5
       Whip              |       |    13 |       |       ||    13
       Staff             |       |       |       |     1 ||     1
Throw: Stone             |       |       |     1 |       ||     1
 Cast: Flame Tongue      |    65 |    60 |   204 |   344 ||   673
       Throw Flame       |     1 |     5 |    29 |    71 ||   106
       Conjure Flame     |       |     1 |     4 |     3 ||     8
       Sticky Flame      |       |     2 |    16 |    58 ||    76
       Sandblast         |       |       |     7 |   101 ||   108
       Fireball          |       |       |     1 |    14 ||    15
       Stone Arrow       |       |       |       |    20 ||    20
  Use: Scroll            |     2 |     6 |     3 |     8 ||    19
       Potion            |       |       |     6 |     6 ||    12
  Eat: Chunk             |       |     4 |     5 |    12 ||    21
       Ration            |       |       |     2 |     4 ||     6
Armor: Robe              |     2 |     5 |     8 |    20 ||    35
Dodge: Dodged            |    16 |    25 |    62 |    95 ||   198

Table legend:
 A = Non-vault XP
 B = Vault XP
 C = Vault XP percentage of total XP
 D = Non-vault monster count
 E = Vault monster count
 F = Vault count percentage of total count
                 A         B        C        D         E       F
            +---------+---------+-------+---------+---------+-------
      Total |   20986 |   11541 |  35.5 |     272 |      46 |  14.5
            +---------+---------+-------+---------+---------+-------
        D:1 |      33 |       0 |   0.0 |      21 |       0 |   0.0
        D:2 |      91 |       0 |   0.0 |      26 |       0 |   0.0
        D:3 |      28 |     382 |  93.2 |       8 |       7 |  46.7
        D:4 |     890 |     290 |  24.6 |      21 |       1 |   4.5
        D:5 |      79 |       0 |   0.0 |       6 |       0 |   0.0
        D:6 |     799 |     754 |  48.6 |      24 |       3 |  11.1
        D:7 |     491 |    1800 |  78.6 |      20 |      14 |  41.2
        D:8 |    1039 |     550 |  34.6 |      25 |       4 |  13.8
        D:9 |    1514 |    1605 |  51.5 |      24 |       3 |  11.1
       D:10 |    2200 |    1488 |  40.3 |      29 |       2 |   6.5
     Lair:1 |    3678 |       0 |   0.0 |      18 |       0 |   0.0
     Lair:2 |    1318 |    1284 |  49.3 |       8 |       4 |  33.3
     Lair:3 |    1090 |    3388 |  75.7 |       6 |       8 |  57.1
     Lair:4 |    5863 |       0 |   0.0 |      28 |       0 |   0.0
     Lair:5 |    1873 |       0 |   0.0 |       8 |       0 |   0.0
            +---------+---------+-------+---------+---------+-------
